 Dungeon Crawl Stone Soup version 0.27-a0-1140-g099f9bb0e8 (webtiles) character file.

Game seed: 16198616022686393255

445 HoaS the Slicer (level 7, -1/40 HPs)
             Began as a Kobold Hunter on May 9, 2021.
             Slain by an iguana (9 damage)
             ... on level 4 of the Dungeon.
             The game lasted 00:10:34 (4159 turns).

HoaS the Slicer (Kobold Hunter)                     Turns: 4159, Time: 00:10:34

Health: -1/40      AC:  7    Str: 10    XL:     7   Next: 23%
Magic:  7/7        EV: 14    Int: 12    God:
Gold:   220        SH:  0    Dex: 17    Spells: 6/6 levels left

rFire    . . .     SeeInvis .   w - +0 rapier (vamp)
rCold    . . .     Faith    .   (shield restricted)
rNeg     . . .     Spirit   .   b - +3 leather armour
rPois    .         Reflect  .   (no helmet)
rElec    .         Harm     .   (no cloak)
rCorr    .         Rampage  .   e - +0 pair of gloves
Will     .....                  (no boots)
Stlth    +++.......             c - amulet of the acrobat
HPRegen  0.13/turn              (no ring)
MPRegen  0.10/turn              (no ring)

@: no status effects
A: small, no large weapons, nightstalker 3
a: no special abilities


You were on level 4 of the Dungeon.
You visited 2 branches of the dungeon, and saw 5 of its levels.

You collected 220 gold pieces.

Inventory:

Hand Weapons
 q - a +2 hand crossbow of flaming
 w - a +0 vampiric rapier (weapon)
Missiles
 d - 103 bolts
 m - 2 throwing nets (quivered)
Armour
 b - a +3 leather armour (worn)
 e - a +0 pair of gloves (worn)
Jewellery
 c - an amulet of the acrobat (around neck)
Wands
 p - a wand of flame (27)
Scrolls
 a - a scroll of teleportation
 f - a scroll of noise
 g - 2 scrolls of identify
Potions
 h - a potion of resistance
 i - a potion of flight
 l - a potion of curing


   Skills:
 - Level 2.1 Fighting
 * Level 8.6 Short Blades
 + Level 5.5 Crossbows
 - Level 2.4 Dodging
 - Level 1.3 Stealth


You had 6 spell levels left.
You didn't know any spells.
Your spell library was empty.

Dungeon Overview and Level Annotations

Branches:
Dungeon (4/15)             Temple (1/1) D:4

Altars:
Ashenzari
Cheibriados
Elyvilon
Fedhas
Gozag
Hepliaklqana
Kikubaaqudgha
Makhleb
Ru
Trog
Uskayaw
Vehumet
Xom
Yredelemnul
Zin
The Shining One

Shops:
D:3 :?(


Innate Abilities, Weirdness & Mutations

You are small and have problems with some larger weapons.
You are completely attuned to the shadows.


Message History

The iguana is moderately wounded.
The iguana bites you but does no damage.
You hit the iguana.
The iguana is moderately wounded.
The iguana bites you!
You hit the iguana but do no damage.
The iguana is moderately wounded.
You hit the iguana but do no damage.
The iguana is moderately wounded.
The iguana bites you!
You are too injured to fight recklessly!
You are too injured to fight recklessly!
You are too injured to fight recklessly!
You hit the iguana but do no damage.
The iguana is moderately wounded.
The iguana barely misses you.
You closely miss the iguana.
The iguana is moderately wounded.
The iguana closely misses you.
You hit the iguana.
The iguana is heavily wounded.
You hit the iguana but do no damage.
The iguana is heavily wounded.
The iguana misses you.
You barely miss the iguana.
The iguana is heavily wounded.
The iguana closely misses you.
You hit the iguana.
You feel better.
The iguana is heavily wounded.
The iguana bites you!
You hit the iguana but do no damage.
The iguana is heavily wounded.
The iguana bites you!
* * * LOW HITPOINT WARNING * * *
You hit the iguana.
You feel better.
The iguana is almost dead.
You barely miss the iguana.
The iguana is almost dead.
The iguana bites you!
You die...

#.......#.....#...#
##.#.#..†#.###.#.#.###
.........#.# #.#......
..#.8.#....###.###.###
#.......#...##.....#
..8.>.8...#..#######
#.......#....#
..#.8.#....(.#
.....@.... .##
..#l#.... .... ....
...# ##+# ...


You could see an iguana.

Vanquished Creatures
  Grinder (D:3)
  A scorpion (D:3)
  A hound (D:4)
  An orc priest (D:3)
  Natasha (D:3)
  An orc wizard (D:3)
  2 adders
  3 worms (D:2)
  A dart slug (D:3)
  4 orcs
  5 bats
  5 endoplasms
  2 giant cockroaches (D:3)
  4 goblins
  4 hobgoblins
  3 jackals
  5 kobolds
  5 quokkas
  6 ball pythons
  4 frilled lizards (D:1)
  4 rats
63 creatures vanquished.

Vanquished Creatures (others)
  A plant (Temple)
1 creature vanquished.

Grand Total: 64 creatures vanquished

Notes
Turn   | Place    | Note
-------+----------+-------------------------------------------
     0 | D:1      | HoaS the Kobold Hunter began the quest for the Orb.
     0 | D:1      | Reached XP level 1. HP: 12/12 MP: 1/1
   272 | D:1      | Reached skill level 1 in Short Blades
   571 | D:1      | Reached skill level 2 in Short Blades
   571 | D:1      | Reached XP level 2. HP: 16/17 MP: 2/2
   851 | D:2      | Reached skill level 3 in Short Blades
   851 | D:2      | Reached XP level 3. HP: 2/21 MP: 3/3
  1597 | D:2      | Reached skill level 4 in Short Blades
  1770 | D:2      | Reached XP level 4. HP: 26/26 MP: 4/4
  2213 | D:3      | Found Unaam's Book Shoppe.
  2259 | D:3      | Reached skill level 5 in Short Blades
  2263 | D:3      | Found Soiqol's Magic Scroll Boutique.
  2274 | D:3      | HP: 1/26 [orc/+0 mace (8)]
  2275 | D:3      | Reached XP level 5. HP: 2/30 MP: 5/5
  2888 | D:3      | Reached skill level 6 in Short Blades
  3046 | D:3      | Noticed Natasha
  3050 | D:3      | Killed Natasha
  3085 | D:3      | Found a white marble altar of Elyvilon.
  3126 | D:3      | Found a snail-covered altar of Cheibriados.
  3127 | D:3      | Found a burning altar of Makhleb.
  3127 | D:3      | Found a sacrificial altar of Ru.
  3231 | D:3      | Reached skill level 7 in Short Blades
  3231 | D:3      | Reached XP level 6. HP: 18/35 MP: 6/6
  3588 | D:3      | Found Guom Litt's Weapon Boutique.
  3619 | D:3      | Noticed Grinder
  3626 | D:3      | Killed Grinder
  3627 | D:3      | Reached skill level 8 in Short Blades
  3627 | D:3      | Reached skill level 5 in Crossbows
  3627 | D:3      | Reached XP level 7. HP: 37/40 MP: 7/7
  3631 | D:3      | Found a faded altar of an unknown god.
  3846 | D:3      | Found a basalt altar of Yredelemnul.
  3905 | D:3      | Found a bloodstained altar of Trog.
  4032 | D:4      | Found a staircase to the Ecumenical Temple.
  4043 | Temple   | Entered the Ecumenical Temple
  4159 | D:4      | Slain by an iguana

Illustrated notes

Levels and vault maps discovered:
D:1:      co_arrival_random_square_maze, layout_basic, minmay_shallow_snake_nest
D:2:      layout_basic
D:3:      layout_rooms, amcnicky_altar_gilded, general_overflow_altar,
          nicolae_overflow_quartered_altars,
          hellmonk_ecumenical_altar_arch_garden, serial_shops, shop,
          nicolae_shop_statue_plus, shop, serial_bayou_pond_a,
          interstate_on_off, minivault_11, supply_closet_lemuel,
          minmay_randomly_rotated_circles, uniq_natasha, uniq_grinder
D:4:      layout_basic, old_standard_altar, minmay_temple_entry_sparse_star,
          serial_shops, shop, minmay_vboxes
Temple:   cyrus_temple_forest

Skill      XL: |  1  2  3  4  5  6 |
---------------+-------------------+-----
Short Blades   | 2 3 4 5 7 8 |  8.6
Crossbows      | 5 |  5.5
Fighting       | |  2.1
Dodging        | |  2.4
Stealth        | |  1.3

Action                   |  1- 3 |  4- 6 |  7- 9 || total
-------------------------+-------+-------+-------++-------
Melee: Short sword       |   100 |    33 |       ||   133
       Dagger            |       |    74 |       ||    74
       Rapier            |       |       |    30 ||    30
 Fire: Hand crossbow     |       |     5 |       ||     5
  Use: Scroll            |     2 |     8 |     1 ||    11
 Stab: Sleeping          |     9 |     8 |     2 ||    19
Armor: Leather armour    |    12 |     5 |     5 ||    22
       Robe              |     6 |    10 |       ||    16
Dodge: Dodged            |    52 |    84 |    10 ||   146

Table legend: (Time is in decaauts)
 A = Elapsed time spent in this place.
 B = Non-inter-level travel time spent in this place.
 C = Inter-level travel time spent in this place.
 D = Time resting spent in this place.
 E = Time spent auto-exploring this place.
 F = Levels seen in this place.
 G = Mean time per level.
                   A        B        C        D        E       F      G
               +--------+--------+--------+--------+--------+-----+--------+
         Total |   4122 |   4013 |    109 |   1302 |   2134 |   5 |  824.4 |
       Dungeon |   4023 |   3915 |    108 |   1302 |   2063 |   4 | 1005.8 |
        Temple |     98 |     97 |      1 |      0 |     71 |   1 |   98.0 |
               +--------+--------+--------+--------+--------+-----+--------+

Top non-repeatable levels by time:
     D:2: 1936 daAuts
     D:3: 1152 daAuts
     D:1: 823 daAuts
     D:4: 111 daAuts
  Temple: 98 daAuts
